[Event "SVK ECo-C Extraliga 2021-22"]
[Site "Slovakia"]
[Date "2022.05.08"]
[Round "7.9"]
[White "Soldan, Jan"]
[Black "Brida, Lukas"]
[Result "1-0"]
[ECO "C50"]
[WhiteElo "1727"]
[BlackElo "1673"]
[Annotator "NA COMBH"]
[PlyCount "26"]
[EventDate "2021.10.21"]
[EventType "team-tourn"]
[EventCountry "SVK"]
[SourceTitle "playchess.com"]
[Source "ChessBase"]
[SourceQuality "1"]
[TimeControl "40/5400+30:1800+30"]

1. e4 e5 2. Nf3 Nc6 3. Bc4 Bc5 4. O-O Nf6 5. d3 h6 6. h3 O-O 7. a3 d6 8. Nc3 a5 9. Bd2 a4 10. Kh1 Nd4 11. Be3 c6 12. Nh2 d5 13. Ba2 Ne6 1-0

[Event "SVK ECo-C Extraliga 2021-22"]
[Site "Slovakia"]
[Date "2022.05.08"]
[Round "7.10"]
[White "Kulich, Filip"]
[Black "Matejka, Simon"]
[Result "1-0"]
[ECO "C44"]
[WhiteElo "1682"]
[BlackElo "1235"]
[Annotator "NA COMBH"]
[PlyCount "50"]
[EventDate "2021.10.21"]
[EventType "team-tourn"]
[EventCountry "SVK"]
[SourceTitle "playchess.com"]
[Source "ChessBase"]
[SourceQuality "1"]
[TimeControl "40/5400+30:1800+30"]

1. e4 e5 2. Nf3 Nc6 3. c3 Bc5 4. d4 exd4 5. cxd4 Bb4+ 6. Bd2 Bxd2+ 7. Qxd2 d5 8. e5 f6 9. Bd3 Be6 10. O-O Qd7 11. Re1 O-O-O 12. a3 Bg4 13. Qc2 Bxf3 14. Bf5 Bh5 15. Bxd7+ Rxd7 16. e6 Re7 17. Qc5 Bf7 18. Nc3 Bg6 19. Nxd5 Re8 20. b4 a6 21. a4 Nge7 22. b5 Nxd5 23. bxc6 Nf4 24. Qa7 Kd8 25. e7+ Rxe7 1-0

[Event "SVK ECo-C Extraliga 2021-22"]
[Site "Slovakia"]
[Date "2022.05.08"]
[Round "7.11"]
[White "Dokaniev, Oleksandr"]
[Black "Landik, Alina"]
[Result "1/2-1/2"]
[ECO "C92"]
[WhiteElo "1408"]
[BlackElo "1527"]
[Annotator "NA COMBH"]
[PlyCount "25"]
[EventDate "2021.10.21"]
[EventType "team-tourn"]
[EventCountry "SVK"]
[SourceTitle "playchess.com"]
[Source "ChessBase"]
[SourceQuality "1"]
[TimeControl "40/5400+30:1800+30"]

1. e4 e5 2. Nf3 Nc6 3. Bb5 a6 4. Ba4 Nf6 5. O-O b5 6. Bb3 Be7 7. Re1 d6 8. h3 O-O 9. c3 Bb7 10. d4 Re8 11. Ng5 Rf8 12. Nf3 Re8 13. Ng5 1/2-1/2

[Event "SVK ECo-C Extraliga 2021-22"]
[Site "Slovakia"]
[Date "2022.05.08"]
[Round "7.13"]
[White "Klimek, Martin"]
[Black "Nedoba, Jakub"]
[Result "1-0"]
[ECO "B12"]
[WhiteElo "1451"]
[BlackElo "1158"]
[Annotator "NA COMBH"]
[PlyCount "53"]
[EventDate "2021.10.21"]
[EventType "team-tourn"]
[EventCountry "SVK"]
[SourceTitle "playchess.com"]
[Source "ChessBase"]
[SourceQuality "1"]
[TimeControl "40/5400+30:1800+30"]

1. e4 c6 2. e5 d5 3. d4 Bf5 4. Bd3 Bxd3 5. Qxd3 e6 6. Nf3 Nd7 7. O-O c5 8. c3 c4 9. Qc2 Ne7 10. Be3 Nf5 11. Qe2 g6 12. Nbd2 Be7 13. Rfc1 a5 14. b3 b5 15. a4 b4 16. bxc4 bxc3 17. Rxc3 Nxe3 18. Qxe3 Nb6 19. c5 Nd7 20. Nb1 O-O 21. Na3 Nb8 22. Nb5 Nc6 23. Nd6 Bxd6 24. cxd6 Nb4 25. Qh6 f6 26. Rc7 Rf7 27. Rxf7 1-0

[Event "SVK ECo-C Extraliga 2021-22"]
[Site "Slovakia"]
[Date "2022.05.08"]
[Round "8.1"]
[White "Stocek, Jiri"]
[Black "Ftacnik, Lubomir"]
[Result "1/2-1/2"]
[ECO "D85"]
[WhiteElo "2556"]
[BlackElo "2508"]
[Annotator "TA"]
[PlyCount "145"]
[EventDate "2021.10.21"]
[EventType "team-tourn"]
[EventCountry "SVK"]
[SourceTitle "playchess.com"]
[Source "ChessBase"]
[SourceQuality "1"]
[TimeControl "40/5400+30:1800+30"]

1. d4 Nf6 2. c4 g6 3. Nc3 d5 4. cxd5 Nxd5 5. e4 Nxc3 6. bxc3 Bg7 7. Qa4+ {7.Nf3 is a critical line.} Nd7 8. Nf3 O-O 9. Qa3 {[%emt 0:00:56] D85: Exchange Grünfeld: Unusual White 7th moves and lines with 7 Nf3.} c5 10. Bd3 {[%emt 0:03:27] [#]} Qc7 $146 ({Predecessor:} 10... b6 11. Be3 cxd4 12. cxd4 Nc5 13. O-O Nxd3 14. Qxd3 Bb7 15. Rad1 e6 16. Rfe1 Rc8 {½-½ (52) Dzagnidze,N (2524)-Lagno,K (2558) Chess.com INT 2021}) 11. Rb1 e5 12. Bd2 b6 13. O-O exd4 14. cxd4 cxd4 15. Rfc1 Nc5 16. Bb4 Be6 17. Bxc5 bxc5 18. Rxc5 (18. Ng5 {seems wilder.} Qf4 19. Rxc5 Be5 20. Nf3) 18... Qe7 (18... Qf4 {keeps more tension.} 19. Ng5 Be5 20. Nf3 Bc7) 19. Qa5 Bxa2 {[%emt 0:06:38] This bishop pair is nice.} 20. Ra1 (20. Rc7 $5 Qd8 21. Rbb7 $11) 20... Be6 21. Rc7 Qd8 22. Rxa7 Qxa5 23. R7xa5 Rxa5 24. Rxa5 Rc8 {[%emt 0:00:39] [#] ...Rc1+ is the strong threat.} 25. Kf1 Bg4 26. Ke2 Rb8 27. Ra2 Be6 28. Rc2 Bg4 29. h3 Bxf3+ 30. Kxf3 $11 {[%emt 0:00:05][%mdl 4096] Endgame KRB-KRB} Rb3 31. Rc8+ Bf8 32. Ke2 Rb2+ 33. Bc2 Kg7 34. Kd3 Rb4 35. e5 Rb5 36. Re8 Ba3 37. Kxd4 Bb2+ 38. Ke4 f5+ 39. exf6+ $1 Kxf6 40. Ra8 Re5+ 41. Kf3 Bd4 42. h4 Re7 43. Rb8 Ba7 44. Rb4 Rd7 45. Ke2 {[%emt 0:00:00] Inhibits Rd2+.} Re7+ 46. Be4 Bc5 47. Rc4 Bd6 48. g3 h6 49. Kf3 Rc7 50. Ra4 Rf7 51. Kg2 g5 52. h5 Kg7 53. Bd5 Rf6 54. Ra7+ Kh8 55. f3 Bc5 56. Rc7 Bd6 57. Rb7 {[%emt 0:00:00] White is more active.} Be5 58. Kh3 Bd6 59. Kg4 Be5 60. Be4 Bd6 61. Bg6 {[%emt 0:01:59] [#] Hoping for Rh7+.} Kg8 62. Bh7+ Kh8 63. Be4 Kg8 64. Bd5+ Kh8 65. Rd7 Be5 66. Rd8+ Kg7 67. Rg8+ Kh7 68. Re8 Bd6 69. Be6 Kg7 70. Bf5 (70. Rg8+ $16 Kh7 71. Bb3) 70... Bxg3 $1 {[%emt 0:00:55] The position is equal.} 71. Re7+ Kf8 72. Re6 Rxe6 73. Bxe6 {[%emt 0:00:03] Weighted Error Value: White=0.04 (flawless) /Black=0.05 (flawless)} 1/2-1/2

[Event "SVK ECo-C Extraliga 2021-22"]
[Site "Slovakia"]
[Date "2022.05.08"]
[Round "8.1"]
[White "Aczel, Gergely"]
[Black "Vykouk, Jan"]
[Result "0-1"]
[ECO "E81"]
[WhiteElo "2545"]
[BlackElo "2471"]
[Annotator "TA"]
[PlyCount "92"]
[EventDate "2021.10.21"]
[EventType "team-tourn"]
[EventCountry "SVK"]
[SourceTitle "playchess.com"]
[Source "ChessBase"]
[SourceQuality "1"]
[TimeControl "40/5400+30:1800+30"]

1. d4 Nf6 2. c4 g6 3. f3 Bg7 4. e4 d6 5. Nc3 O-O 6. Bg5 c5 7. d5 e6 8. Be2 exd5 9. cxd5 Re8 10. Qd2 a6 11. a4 Qc7 {[%emt 0:00:21] A65: Modern Benoni: 6 e4.} 12. Bh6 Bh8 {[%emt 0:02:05] [#]} 13. a5 $146 ({Predecessor:} 13. h4 Nbd7 14. h5 Ne5 15. hxg6 fxg6 16. g4 c4 17. Be3 b6 18. Nh3 Bd7 19. Nf2 {½-½ (37) Sarfati,J (2250)-Atalik,S Belfort 1983}) 13... b5 {[%emt 0:02:25] The position is equal.} 14. axb6 $1 Qxb6 15. Ra3 Nbd7 16. Nh3 Rb8 17. Nd1 Qb4 18. Nhf2 Nb6 19. Qxb4 (19. Bxa6 Nfxd5 20. Bxc8 Rbxc8 $15) 19... cxb4 20. Ra5 Nfd7 21. Bf4 (21. Bxa6 Ra8 22. Bxc8 Rxa5 23. Bxd7 Nxd7 $17) 21... Ne5 22. Ne3 {[%emt 0:02:05] Against Nec4} Nbd7 23. Nd3 (23. Bxa6 Ra8 24. Bxe5 Nxe5 $17) 23... f5 24. Nxe5 Nxe5 25. exf5 (25. Bxa6 $2 Ra8 26. Bxe5 Bxe5 27. Bxc8 Rxa5 28. Be6+ Kg7 $19) 25... Bxf5 (25... g5 $5 26. Bg3 (26. Bxg5 Nf7 $11) 26... b3 $11) 26. Kd2 $36 {[%emt 0:00:52][%mdl 2048] Against Nd3. Black is under pressure.} ({But not} 26. Nxf5 $2 Nd3+ 27. Kd2 Nxf4 $19) (26. Kf2 $5 ) 26... b3 27. Bxa6 Rb4 28. Bxe5 Bxe5 29. Nc4 Bf4+ {[%emt 0:00:26] This bishop pair is nice.} 30. Kc3 Rbb8 31. Rb5 Bc2 32. Rxb8 (32. g3 {is interesting.} Bh6 33. Re1 Rf8 34. f4) 32... Rxb8 33. g3 Bg5 34. Re1 ({Don't play} 34. Nxd6 Bf6+ 35. Kc4 Bxb2 $17) 34... Bf6+ 35. Kd2 Bd4 36. Re6 Bg1 (36... Rf8 $14) 37. Ke2 ({Don't do} 37. Rxd6 $6 Bxh2 38. Ne3 Bxg3 $11) ({White has to play} 37. Nxd6 $18 {Black must now prevent Bd3.} Bxh2 38. Ne4) 37... Bf5 $14 (37... Bxh2 $2 38. Kf2 $18) 38. Rxd6 (38. Re7 $1 $14) 38... Re8+ $15 39. Kf1 $2 {[%emt 0:01:21][%mdl 8192] This costs White the game.} (39. Kd2 $1 $11 {and White stays safe.}) 39... Bc5 $19 {[%emt 0:02:53][%cal Rf5h3] [#] Black is clearly winning.} 40. Re6 (40. Kg2 $142 Re2+ 41. Kf1) 40... Bh3+ 41. Ke2 Bxe6 42. Nd6 Bxd6 43. dxe6 Rxe6+ 44. Kd3 Kg7 45. Bc4 Re1 46. Bxb3 Rh1 {[%emt 0:00:00] Weighted Error Value: White=0.61/Black=0.09 (flawless)} 0-1

[Event "SVK ECo-C Extraliga 2021-22"]
[Site "Slovakia"]
[Date "2022.05.09"]
[Round "8.1"]
[White "Mihok, Oliver"]
[Black "Saric, Ivan"]
[Result "1/2-1/2"]
[ECO "B51"]
[WhiteElo "2539"]
[BlackElo "2693"]
[Annotator "TA"]
[PlyCount "104"]
[EventDate "2021.10.21"]
[EventType "team-tourn"]
[EventCountry "SVK"]
[SourceTitle "playchess.com"]
[Source "ChessBase"]
[SourceQuality "1"]
[TimeControl "40/5400+30:1800+30"]

1. e4 c5 2. Nf3 d6 3. Bb5+ Nd7 4. a4 Ngf6 5. Nc3 g6 6. a5 {[%emt 0:00:55] B51: Sicilian: Moscow Variation (3 Bb5+) without 3...Bd7.} Bg7 7. a6 O-O 8. O-O bxa6 9. Bxa6 Bxa6 10. Rxa6 c4 {[%emt 0:00:51] [#]} 11. Qe2 $146 ({Predecessor:} 11. Ra4 Nb6 12. Ra2 a5 13. d3 Nfd7 14. d4 e6 15. Bg5 Qc7 16. Qd2 f5 17. Bh6 {1-0 (45) Randazzo,A (2293)-Bodnaruk,A (2414) Chess.com INT 2020}) 11... Qc7 12. d4 cxd3 $1 13. cxd3 Nc5 14. Ra3 Qb7 15. Nd2 Nfd7 16. Nc4 Nb6 17. Na5 Qd7 18. Be3 f5 19. f3 fxe4 20. dxe4 Rfc8 21. Rd1 ({White should try} 21. b4 $1 $14 Nb7 22. Qa2+ Kh8 23. Ne2) 21... Nca4 $11 22. Bd4 Bxd4+ 23. Rxd4 Nxc3 24. bxc3 Qe6 25. Rd3 Qe5 26. Qa2+ Kg7 27. Qf2 Rab8 {[%emt 0:06:27] [#] Strongly threatening ...Nc4.} (27... Kf7 {keeps more tension.} 28. Qa2+ Kf8 29. Qa1 Rab8) 28. Qd4 {[%emt 0:02:36] Against Nc4. The position is equal.} Qxd4+ 29. cxd4 Rc1+ 30. Kf2 Rbc8 {[%emt 0:00:51] ...R8c2+ is the strong threat.} 31. Rd2 d5 32. exd5 Nxd5 33. Nb7 R8c2 34. Rxc2 Rxc2+ {[%emt 0:00:25][%mdl 4096] Endgame KRN-KRN} 35. Kf1 Nf4 36. g3 Rc1+ 37. Kf2 Rc2+ 38. Kf1 Ne6 39. d5 Rc7 40. dxe6 Rxb7 {[%emt 0:00:03] KR-KR} 41. f4 Kf6 42. Ra6 Kf5 43. Kg2 h6 44. Kf3 Rb3+ 45. Kg2 Rb2+ 46. Kh3 Rb7 47. Kg2 Rb2+ 48. Kh3 Rf2 49. Rxa7 Kxe6 50. Ra5 Kf6 51. Rb5 e6 52. Ra5 Rd2 {[%emt 0:00:00] Weighted Error Value: White=0.05 (flawless) /Black=0.05 (flawless)} 1/2-1/2

[Event "SVK ECo-C Extraliga 2021-22"]
[Site "Slovakia"]
[Date "2022.05.08"]
[Round "8.1"]
[White "Krejci, Jan"]
[Black "Plat, Vojtech"]
[Result "0-1"]
[ECO "A41"]
[WhiteElo "2520"]
[BlackElo "2554"]
[Annotator "TA"]
[PlyCount "119"]
[EventDate "2021.10.21"]
[EventType "team-tourn"]
[EventCountry "SVK"]
[SourceTitle "playchess.com"]
[Source "ChessBase"]
[SourceQuality "1"]
[TimeControl "40/5400+30:1800+30"]

1. d4 d6 2. c4 e5 3. Nf3 exd4 4. Nxd4 g6 5. Nc3 Bg7 6. g3 Ne7 {[%emt 0:00:54] 6...Nf6 is more advanced technology.} 7. Bg2 O-O 8. h4 {[%emt 0:10:02] A21: English Opening: 1...e5 2 Nc3.} Nbc6 9. Nxc6 bxc6 {[%emt 0:00:10] [#]} 10. Bg5 $146 {[%emt 0:01:52] White is slightly better.} ({Predecessor:} 10. h5 Be6 11. Qa4 Rb8 12. c5 dxc5 13. hxg6 fxg6 14. Qh4 h5 15. O-O Nd5 16. Qxd8 Rfxd8 {0-1 (34) Ree,H (2436)-Rogers,I (2618) Breda 1999}) 10... Be6 11. Qd3 Rb8 12. b3 d5 13. cxd5 cxd5 14. Rc1 c6 15. Na4 h6 16. Bf4 (16. Bxe7 Qxe7 17. Rxc6 Rfc8 18. Rxc8+ Rxc8 $11) 16... Rb4 17. Be3 Re8 18. Qd2 a5 (18... d4 {is more complex.} 19. Bxh6 Bxh6 20. Qxh6 Bd5) 19. Bc5 (19. Bxh6 Rd4 20. Qg5 f6 21. Bxg7 fxg5 $17) 19... Rb8 20. O-O (20. Ba7 $5 ) 20... Nf5 21. Rfe1 h5 22. Qd3 (22. e3 $14 {deserves consideration.}) 22... Nd6 (22... g5 $11 {remains equal.}) 23. Bd4 (23. Qa6 $1 $16) 23... Bf5 $11 24. Qd1 Bxd4 25. Qxd4 Rb4 26. Qc5 g5 27. Qxc6 {[%emt 0:04:56] aiming for Rcd1.} gxh4 28. Qxd5 (28. Bxd5 $2 hxg3 29. fxg3 Rg4 $19) 28... hxg3 29. fxg3 Rg4 30. Rc3 {[%emt 0:02:17] [#]} (30. Rf1 $1 $11 Qe7 31. Rc6 Rxg3 32. Rxf5 (32. Qxd6 $2 Rxg2+ 33. Kxg2 Qxe2+ 34. Rf2 Be4+ 35. Kg1 Qe1+ 36. Rf1 Qh4 $19) (32. Rxd6 $2 Be4 $19) 32... Nxf5 33. Qxf5) 30... Be4 (30... Qf6 $1 $17 {[%cal Og4a4] Hoping for ...Rxa4!} 31. Rf3 (31. Qxa5 $2 h4 $19) 31... Re5) 31. Bxe4 Nxe4 32. Qxd8 Rxd8 33. Rf3 h4 34. Nc3 Rxg3+ 35. Rxg3+ Nxg3 {[%emt 0:00:01][%mdl 4096] Endgame KRN-KRN} 36. Kg2 Rc8 37. Nd5 {[%emt 0:04:50] Ne7+ is the strong threat.} Rc2 38. Kh3 Nxe2 39. Ra1 Rc5 40. Re1 {[%emt 0:05:27] Threatens to win with Ne7+.} Nd4 41. Nf6+ Kg7 42. Rf1 Rc3+ 43. Kg4 ({But not} 43. Kxh4 $2 Nf3+ 44. Rxf3 Rxf3 $19) 43... h3 44. Nh5+ {[%emt 0:00:24] [#] This costs White the game.} ({Better is} 44. Rf2 $15) 44... Kf8 $1 $19 {[%emt 0:00:41] Strongly threatening ...f5+.} 45. Rf2 (45. Kf4) 45... f5+ 46. Kf4 Ke7 (46... Kf7 $142 {White must now prevent ...Kg6.} 47. Rd2 Kg6 48. Rxd4 h2 49. Rd6+ Kxh5) 47. Rd2 Ne6+ 48. Kxf5 Rc5+ 49. Kg4 Rg5+ 50. Kxh3 Rxh5+ {[%emt 0:00:17] KRN-KR} 51. Kg4 Re5 52. Kf3 Kf6 53. Rd7 Ng5+ 54. Kf2 Kf5 55. Rd4 Ne6 56. Rc4 (56. Rh4 $17) 56... Re4 57. Rxe4 (57. Rc3) 57... Kxe4 58. Ke2 {[%emt 0:00:01] Black mates.} Kd4 59. Kd2 Nf4 60. Kc2 {[%emt 0:00:06] Weighted Error Value: White=0.39/Black=0.16 (very precise)} 0-1

[Event "SVK ECo-C Extraliga 2021-22"]
[Site "Slovakia"]
[Date "2022.05.09"]
[Round "8.1"]
[White "Kriebel, Tadeas"]
[Black "Petenyi Tamas"]
[Result "1-0"]
[ECO "B09"]
[WhiteElo "2516"]
[BlackElo "2431"]
[Annotator "TA"]
[PlyCount "55"]
[EventDate "2021.10.21"]
[EventType "team-tourn"]
[EventCountry "SVK"]
[SourceTitle "playchess.com"]
[Source "ChessBase"]
[SourceQuality "1"]
[TimeControl "40/5400+30:1800+30"]

1. e4 d6 2. d4 Nf6 3. Nc3 g6 4. f4 Bg7 5. Nf3 O-O 6. Be3 Nc6 7. e5 Ng4 8. Bg1 dxe5 9. dxe5 {[%emt 0:03:33] B09: Pirc Defence: Austrian Attack.} Qxd1+ 10. Rxd1 f6 11. Nb5 {[%emt 0:30:48] White is slightly better.} fxe5 12. Nxc7 Rb8 {[%emt 0:01:59] [#]} 13. h3 $146 ({Predecessor:} 13. Bc4+ Kh8 14. h3 Nh6 15. fxe5 Nxe5 16. Nxe5 Bxe5 17. Bd4 Bxd4 18. Rxd4 Nf5 19. O-O {1-0 (44) Isaksen,B (2245)-Kaspersen,M (2250) Farum 1993}) 13... e4 (13... Nh6 $1 $14) 14. Ng5 (14. hxg4 $6 exf3 15. Bc4+ (15. gxf3 Rxf4 16. Bh2 Rxf3 $11) 15... e6 16. Nxe6 Re8 $14) 14... Nh6 15. c3 (15. Nxe4 Rxf4 16. Bc4+ Kh8 $11) 15... e5 (15... Rxf4 16. Be3 Rf8 17. g4 $16 (17. Nxe4 b5 $14) (17. Bc4+ Kh8 $14)) (15... b5 $16 16. Bc5 (16. Bxb5 Na5 $16) (16. Nxb5 a6 $11) 16... Rb7) 16. Bc4+ $18 (16. Nxe4 Kh8 $16) 16... Kh8 17. Bc5 $36 {[%emt 0:00:16][%mdl 2048] Black is under strong pressure.} ({Resist} 17. Nxe4 $6 b6 $16) 17... Rxf4 (17... exf4 {was worth a try.} 18. Bxf8 (18. Nxe4 Nf5 $16) 18... Bxf8) 18. Nce6 Bxe6 19. Nxe6 Rf7 20. Nxg7 Rxg7 21. g4 {[%emt 0:07:21] [#] Against Nf5. And now Rf1 would win. White is more active.} Nf7 (21... b6 $16) 22. Be3 {[%emt 0:00:04] Threatens to win with Rf1. A strong pair of Bishops.} Rd8 $2 (22... h6 {is more resistant.} 23. h4 Na5) 23. Rf1 {[%emt 0:00:56] White is clearly winning.} Rxd1+ 24. Kxd1 Ncd8 {[%emt 0:01:12] [#]} 25. Bg5 $1 {[%emt 0:00:18][%mdl 512] Black must now prevent Bxd8.} h6 (25... h5 26. Bxd8) 26. Bxd8 Nd6 27. Rf8+ Kh7 28. Be6 {[%emt 0:00:40] Weighted Error Value: White=0.12 (very precise) /Black=0.56} 1-0

[Event "SVK ECo-C Extraliga 2021-22"]
[Site "Slovakia"]
[Date "2022.05.08"]
[Round "8.1"]
[White "Mazur, Stefan"]
[Black "Zwardon, Vojtech"]
[Result "0-1"]
[ECO "C41"]
[WhiteElo "2423"]
[BlackElo "2468"]
[Annotator "TA"]
[PlyCount "70"]
[EventDate "2021.10.21"]
[EventType "team-tourn"]
[EventCountry "SVK"]
[SourceTitle "playchess.com"]
[Source "ChessBase"]
[SourceQuality "1"]
[TimeControl "40/5400+30:1800+30"]

1. e4 d6 2. d4 Nf6 3. Nc3 e5 4. Nf3 Nbd7 5. Bc4 Be7 6. a4 O-O 7. O-O c6 8. h3 b6 {[%emt 0:02:58] 8...h6 injects fresh life into this line.} 9. Qe2 a6 10. Rd1 Qc7 {[%emt 0:00:11] C41: Philidor Defence.} 11. Ba2 Bb7 12. Nh4 exd4 {[%emt 0:02:48] White is slightly better.} 13. Rxd4 c5 14. Rd1 {[%emt 0:11:38] [#]} g6 $146 {[%emt 0:09:07] Prevents Nf5.} ({Predecessor:} 14... Rfe8 15. Nf5 Bf8 16. Qf3 Ne5 17. Qf4 c4 18. Rd4 Ng6 19. Nh6+ Kh8 20. Rxc4 Qe7 {0-1 (41) Kaminski,M (2450)-Pisulinski,J (2370) Polanica Zdroj 1993}) 15. Bh6 ({Better is} 15. Nf3 $16) 15... Rfe8 $1 $14 16. Nf3 Bf8 17. Bxf7+ Kxf7 18. Qc4+ d5 $1 19. Rxd5 Ke7 20. Bg5 h6 $2 {[%emt 0:01:05] [#]} (20... b5 $1 $11 21. Rxd7+ (21. axb5 $2 axb5 22. Qf1 Rxa1 $19) 21... Kxd7 22. axb5 axb5 23. Qf7+ (23. Qxb5+ Bc6 $17) 23... Kc8 24. Rxa8+ Bxa8 25. Qxf6 b4) 21. Bh4 $2 {[%emt 0:01:05] [#]} (21. Nh4 $2 hxg5 22. Nxg6+ Kd8 $19) (21. e5 $1 $16 {is forced if you want to stay better.} hxg5 22. exf6+ Kxf6 23. Rad1 (23. Qg4 Qf4 $16)) 21... b5 $1 $17 22. Qd3 {[%emt 0:00:27] This move loses the game for White.} ({Wrong is} 22. axb5 $2 axb5 23. Qf1 (23. Rxd7+ $2 Qxd7 24. Qf1 Rxa1 $19) 23... Rxa1 24. Qxa1 Kf7 $19) (22. Qa2 $17 c4 23. e5 (23. axb5 $2 axb5 24. Qb1 Kf7 $19) (23. Bg3 $2 Qc8 $19)) 22... Kf7 $19 23. Bg3 Qc8 {[%emt 0:01:17] White must now prevent ...c4.} 24. Nh4 $2 (24. Ne5+ {was necessary.} Nxe5 25. Rxe5) 24... c4 25. Qf3 Bxd5 26. Nxd5 Rxe4 {[%emt 0:00:30] aiming for ...b4.} 27. Rd1 Kg7 28. Nf4 (28. Nc3 $142 Re6 29. axb5) 28... Ne5 29. Qc3 b4 30. Qd2 g5 31. Nd5 gxh4 32. Nxf6 Kxf6 33. f3 {[%emt 0:01:12] [#]} Nxf3+ $1 34. gxf3 {[%emt 0:00:02] [#]} Qxh3 $1 {[%emt 0:00:06] ( -> ...Bc5+)} 35. Bh2 (35. Qh2 Qxh2+) 35... Bc5+ {[%emt 0:00:12] Weighted Error Value: White=1.04/Black=0.18 (very precise)} 0-1

[Event "SVK ECo-C Extraliga 2021-22"]
[Site "Slovakia"]
[Date "2022.05.09"]
[Round "8.2"]
[White "Michalik, Peter"]
[Black "Hujbert, Florian"]
[Result "1-0"]
[ECO "B32"]
[WhiteElo "2579"]
[BlackElo "2396"]
[Annotator "TA"]
[PlyCount "105"]
[EventDate "2021.10.21"]
[EventType "team-tourn"]
[EventCountry "SVK"]
[SourceTitle "playchess.com"]
[Source "ChessBase"]
[SourceQuality "1"]
[TimeControl "40/5400+30:1800+30"]

1. e4 c5 2. Nf3 Nc6 3. d4 cxd4 4. Nxd4 e5 5. Nb5 d6 6. c4 g6 {[%emt 0:00:46] 6...Be6 is setting a new trend. B32: Sicilian: Löwenthal and Kalashnikov Variations.} 7. N1c3 a6 8. Na3 Bg7 {[%emt 0:00:26] White has an edge.} 9. Nc2 Be6 10. Be3 Nf6 11. f3 O-O 12. Qd2 Rc8 {[%emt 0:03:55] [#]} 13. Rd1 $146 ({Predecessor:} 13. b3 Qa5 14. Be2 Nh5 15. g3 Nf4 16. Nd5 Ng2+ 17. Kf2 Nxe3 18. Qxa5 Nxc2 19. Qd2 Nxa1 20. Rxa1 {0-1 (38) Al Tarbosh,W (2221)-Fawzy,A (2476) Chess.com INT 2022}) 13... Ne7 14. Qxd6 Qxd6 15. Rxd6 Bxc4 16. Bxc4 Rxc4 17. Ke2 Nc8 18. Rd3 Re8 19. Rhd1 Bf8 20. Bg5 Be7 21. Bxf6 Bxf6 22. Rd7 b5 23. Ne3 Rc6 24. Ncd5 Bg5 25. Nb4 {[%emt 0:07:21] Pair of Knights!} Rce6 26. Rc7 Nb6 27. Ned5 Nxd5 28. Rxd5 R8e7 ({Black should try} 28... Be7 29. Nd3 Bf8) 29. Rd8+ Kg7 30. Rcc8 $36 {[%emt 0:00:16][%mdl 2048] Hoping for g3. White is on the roll.} f5 31. g3 {[%emt 0:02:14] Black must now prevent h4.} fxe4 32. fxe4 Rf7 33. Rg8+ Kh6 34. Nd5 {[%emt 0:00:32] Inhibits Ref6.} Kh5 (34... Bf6 $142) 35. h3 $16 Bh6 (35... Kh6 $16 36. h4 Bf6) 36. Rge8 $18 {[%emt 0:03:12] Active counter play!} Rxe8 37. Rxe8 {[%emt 0:00:06][%mdl 4096] Endgame KRB-KRN} Bg7 38. Ra8 {[%emt 0:00:15] Inhibits Ra7.} Bf8 (38... Bh6 $142 39. Rxa6 Bc1) 39. b4 ({Not} 39. Rxa6 Kg5 40. b4 Rb7 $18) 39... Kg5 40. Rxa6 h5 41. a3 h4 42. g4 Rb7 43. Re6 Bg7 (43... Ra7 $142 44. Rxe5+ Kh6 45. g5+ Kg7) 44. Re7 Rxe7 45. Nxe7 {[%emt 0:00:00] KB-KN} Kf4 46. Nxg6+ Kxe4 47. Nxh4 Bh6 48. Nf5 Bc1 49. Nd6+ Kd5 50. Nxb5 Kc4 51. Nc7 {[%emt 0:00:00] White mates.} Bxa3 52. b5 Kc5 53. g5 {[%emt 0:00:00] Weighted Error Value: White=0.04 (flawless) /Black=0.39} 1-0